 Dungeon Crawl Stone Soup version 0.28.0-47-ge53b351184 (webtiles) character file.

Game seed: 6462605617773837211

17049 pkoi the Martial Artist (level 11, 0/103 HPs)
             Began as a Demigod Gladiator on Apr 26, 2022.
             Slain by a yak (12 damage)
             ... on level 1 of the Lair of Beasts.
             The game lasted 00:33:18 (26886 turns).

pkoi the Martial Artist (Demigod Gladiator)        Turns: 26886, Time: 00:33:19

Health: 0/103      AC:  9    Str: 15    XL:     11   Next: 87%
Magic:  11/23      EV: 12    Int: 28    God:
Gold:   521        SH:  0    Dex: 17    Spells: 8/21 levels left

rFire   x . .      SeeInvis .     - Unarmed
rCold   + + +      Faith    .   (shield currently unavailable)
rNeg    + . .      Spirit   .   (armour currently unavailable)
rPois   +          Reflect  .   (helmet currently unavailable)
rElec   .          Harm     .   (cloak currently unavailable)
rCorr   +          Rampage  .   (gloves currently unavailable)
Will    +....                   (boots currently unavailable)
Stlth   ++........              (no amulet)
HPRegen 0.27/turn               s - ring of positive energy
MPRegen 0.18/turn               H - ring of Ru's Inspiration {rCorr Int+6 Dex+2}

@: ice-form
A: freezing attack, amphibious, boosted hp, large, high MP 1, forlorn, divine
attributes
a: End Transformation


You were on level 1 of the Lair of Beasts.
You were a creature of crystalline ice.
You visited 3 branches of the dungeon, and saw 14 of its levels.

You collected 801 gold pieces.
You spent 280 gold pieces at shops.

Inventory:

Hand Weapons
 d - a +4 dagger of venom
 f - a +0 whip
 r - a +4 mace
Missiles
 c - 7 throwing nets (quivered)
 l - 22 poisoned darts
Armour
 b - a +0 helmet (melded)
 e - the +5 leather armour of Grottiness (melded) {rF+ Int+2}
   (You found it on level 6 of the Dungeon)

   Int:       It affects your intelligence (+2).
   rF:        It protects you from fire.
 p - a +1 pair of boots (melded)
 t - a +0 cloak
 I - the +1 cloak of Cunke (melded) {+Inv Will+ rCorr}
   (You found it on level 1 of the Lair of Beasts)

   +Inv:      It lets you turn invisible.
   rCorr:     It protects you from acid and corrosion.
   Will:      It increases your willpower.
Jewellery
 s - a ring of positive energy (left front paw)
 A - a ring of positive energy
 F - a ring of ice
 H - the ring of Ru's Inspiration (right front paw) {rCorr Int+6 Dex+2}
   (You found it on level 1 of the Lair of Beasts)

   [ring of intelligence]

   Int:       It affects your intelligence (+6).
   Dex:       It affects your dexterity (+2).
   rCorr:     It protects you from acid and corrosion.
Wands
 a - a wand of paralysis (5)
 q - a wand of charming (7)
 y - a wand of flame (11)
 C - a wand of polymorph (3)
 D - a wand of mindburst (8)
 E - a wand of acid (3)
 G - a wand of digging (5)
Scrolls
 g - 7 scrolls of identify
 i - 2 scrolls of enchant weapon
 m - a scroll of blinking
 n - 3 scrolls of teleportation
 v - a scroll of magic mapping
 x - a scroll of summoning
 z - 2 scrolls of enchant armour
Potions
 h - a potion of might
 j - a potion of haste
 k - 4 potions of mutation
 o - a potion of brilliance
 u - a potion of magic
 w - 3 potions of curing
 B - 3 potions of flight


   Skills:
 - Level 5.0 Fighting
 - Level 1.7 Throwing
 - Level 3.0 Armour
 - Level 5.7 Dodging
 + Level 11.7 Unarmed Combat
 + Level 5.5 Spellcasting
 + Level 0.7 Conjurations
 + Level 6.1 Transmutations
 - Level 2.2 Fire Magic
 + Level 4.5 Ice Magic
 + Level 3.8 Air Magic
 - Level 3.6 Poison Magic
 - Level 3.5 Evocations


You had 8 spell levels left.
You knew the following spells:

 Your Spells              Type           Power      Damage    Failure   Level
a - Ice Form              Ice/Tmut       37%        N/A       7%          4
b - Poisonous Vapours     Pois/Air       56%        N/A       1%          2
c - Ignite Poison         Fire/Tmut/Pois 30%        N/A       3%          3
d - Mephitic Cloud        Conj/Pois/Air  23%        N/A       6%          3
e - Apportation           Tloc           14%        N/A       6%          1

Your spell library contained the following spells:

 Spells                   Type           Power      Damage    Failure   Level
 Passwall                 Tmut/Erth      20%        N/A       2%          2
 Sandblast                Erth           14%        2d6       6%          1
 Stone Arrow              Conj/Erth      18%        3d8       17%         3
 Gell's Gravitas          Tloc           7%         N/A       19%         3
 Lesser Beckoning         Tloc           7%         N/A       19%         3
 Teleport Other           Tloc           7%         N/A       19%         3
 Hailstorm                Conj/Ice       22%        3d7       22%         4
 Leda's Liquefaction      Hex/Erth       3%         N/A       54%         4
 Lee's Rapid Deconstruct  Erth           3%         3d6*      87%         5
 Summon Forest            Summ/Tloc      3%         N/A       87%         5
 Statue Form              Tmut/Erth      16%        N/A       95%         6
 Simulacrum               Ice/Necr       10%        N/A       98%         6
 Storm Form               Tmut/Air       17%        N/A       100%        7
 Necromutation            Tmut/Necr      12%        N/A       100%        8


Dungeon Overview and Level Annotations

Branches:
Dungeon (11/15)            Temple (1/1) D:6            Lair (2/6) D:11
    Orc (0/2) D:10
  Swamp: Lair:2-4    Shoals: Lair:2-4     Snake: Lair:2-4    Spider: Lair:2-4

Shops:
D:5 *   D:6 *


Innate Abilities, Weirdness & Mutations

You are a creature of crystalline ice.
You have a powerful freezing melee attack.
You are amphibious.
Your maximum health is increased.
Your armour is entirely melded.
You are incapable of wielding weapons or throwing items.
You have an increased reservoir of magic. (+10% MP)
You shall have no god before yourself.
Your divine heritage dramatically boosts your attributes as you level up.


Message History

The komodo dragon is poisoned.
The cane toad gives a loud, deep croak!
Unknown command.
Casting: Poisonous Vapours (safe; 2% risk of failure)
Confirm with . or Enter, or press ? or * to list all spells.
You ignite the poison in your surroundings!
The yak seems to burn from within!
The yak is heavily wounded.
The komodo dragon seems to burn from within!!
The komodo dragon is almost dead.
The yak seems to burn from within!!
The yak is severely wounded.
Unknown command.
The yak gores you. The komodo dragon bites you!!
* * * LOW HITPOINT WARNING * * *
The yak gores you.
* * * LOW HITPOINT WARNING * * *
There is a stone staircase leading up, spattered with blood here.
The yak gores you!
* * * LOW HITPOINT WARNING * * *
The komodo dragon bites you!!
* * * LOW HITPOINT WARNING * * *
You climb upwards.
There is a stone staircase leading down here.
Unknown command.
Casting: Ignite Poison (mildly dangerous; 4% risk of failure)
Confirm with . or Enter, or press ? or * to list all spells.
You turn into a creature of crystalline ice.
The +1 cloak of Cunke {+Inv Will+ rCorr} melds into your body.
Your +0 helmet melds into your body.
Your +1 pair of boots melds into your body.
The +5 leather armour of Grottiness {rF+ Int+2} melds into your body.
The yak gores you but does no damage. The komodo dragon bites you!
* * * LOW HITPOINT WARNING * * *
Unknown command.
You pummel the komodo dragon!!
The komodo dragon seems to slow down.
You freeze the komodo dragon.
You kill the komodo dragon!
The yak gores you!
You die...

#.#8.....8..8..8.....8#......
#.+.....................##...
####......#....##....#####...
##...#####.###...## ##...
##....# ####...## #....
##...###.#...## ##...
#.....8....## #...
###..†....## ##... ###.YY..#
#.... ###.### #.... ### #....
##... #... #... ###. ##


You could see a yak.

Vanquished Creatures
  2 hydras
  Harold (Lair:2)
  Erolcha (D:11)
  Nergalle (D:11)
  5 two-headed ogres
  A deep elf pyromancer (D:11)
  An orc knight (D:11)
  3 cane toads (Lair:1)
  3 komodo dragons
  A troll (D:10)
  A wraith (D:11)
  3 shadows
  11 yaks
  2 wyverns
  A basilisk (Lair:1)
  A steam dragon (D:9)
  2 wargs (D:11)
  2 acid dragons
  5 water moccasins
  6 orc warriors (D:11)
  A necrophage (D:6)
  3 ice beasts
  2 centaurs
  8 ogres
  2 phantoms (D:10)
  2 kobold brigands
  2 gnoll sergeants
  4 scorpions
  4 bullfrogs
  3 wyvern zombies
  2 wyvern skeletons (D:6)
  9 killer bees
  11 wights
  2 howler monkeys
  4 centaur zombies
  2 jellies
  3 hounds
  6 orc priests
  A bullfrog skeleton (D:5)
  A centaur skeleton (D:6)
  4 iguanas
  6 orc wizards
  8 ogre zombies (D:10)
  A hound zombie (D:5)
  A howler monkey zombie (D:8)
  9 gnolls
  11 adders
  A white imp (D:6)
  An ufetubus (D:7)
  4 worms
  3 dart slugs
  34 orcs
  6 endoplasms
  2 giant cockroaches
  3 goblins
  7 hobgoblins
  4 quokkas
  6 ball pythons
  4 bats
  4 frilled lizards
  2 goblin skeletons (D:10)
  3 goblin zombies (D:10)
  A hobgoblin zombie (D:10)
  14 kobolds
  An orc skeleton (D:10)
  18 orc zombies (D:10)
  4 rats
287 creatures vanquished.

Vanquished Creatures (others)
  5 plants
5 creatures vanquished.

Grand Total: 292 creatures vanquished

Notes
Turn   | Place    | Note
-------+----------+-------------------------------------------
     0 | D:1      | pkoi the Demigod Gladiator began the quest for the Orb.
     0 | D:1      | Reached XP level 1. HP: 17/17 MP: 3/3
    65 | D:1      | Reached skill level 3 in Unarmed Combat
   506 | D:1      | Reached XP level 2. HP: 17/24 MP: 4/4
  1205 | D:2      | Reached XP level 3. HP: 19/29 MP: 5/5
  1210 | D:2      | Reached skill level 4 in Unarmed Combat
  2413 | D:3      | Reached XP level 4. HP: 36/36 MP: 6/6
  2656 | D:3      | Reached skill level 5 in Unarmed Combat
  2656 | D:3      | Reached XP level 5. HP: 24/41 MP: 7/7
  3130 | D:3      | Noticed an ice beast
  3138 | D:3      | Killed an ice beast
  3139 | D:3      | Reached skill level 6 in Unarmed Combat
  4342 | D:4      | Reached XP level 6. HP: 38/48 MP: 8/8
  4499 | D:4      | Reached skill level 1 in Armour
  5289 | D:4      | Reached XP level 7. HP: 30/56 MP: 9/9
  5705 | D:5      | Entered Level 5 of the Dungeon
  5777 | D:5      | Found Yxevao's CLEARANCE SALE!.
  5789 | D:5      | Reached skill level 7 in Unarmed Combat
  5793 | D:5      | Bought a potion of brilliance for 16 gold pieces
  7127 | D:6      | Found a staircase to the Ecumenical Temple.
  7145 | Temple   | Entered the Ecumenical Temple
  7527 | D:6      | Reached skill level 1 in Evocations
  8337 | D:6      | Reached XP level 8. HP: 21/63 MP: 10/10
  8917 | D:6      | Reached skill level 8 in Unarmed Combat
  8967 | D:6      | Identified the +5 leather armour of Grottiness {rF+ Int+2}
  9261 | D:6      | Learned a level 4 spell: Ice Form
  9399 | D:6      | Found Soafoc's Serpentskin Sales.
  9404 | D:6      | Bought the Volume of Venom for 264 gold pieces
  9407 | D:6      | Learned a level 2 spell: Poisonous Vapours
  9513 | D:6      | Identified the +2 chain mail of Ruginn {Harm rF- rCorr}
 10125 | D:6      | Reached skill level 1 in Spellcasting
 10125 | D:6      | Reached skill level 1 in Transmutations
 10223 | D:6      | Reached skill level 1 in Ice Magic
 10241 | D:6      | Reached skill level 1 in Air Magic
 10241 | D:6      | Reached skill level 1 in Poison Magic
 11740 | D:6      | Reached XP level 9. HP: 47/69 MP: 14/14
 13238 | D:8      | Reached skill level 9 in Unarmed Combat
 13822 | D:7      | Learned a level 3 spell: Ignite Poison
 14366 | D:8      | Noticed an orc knight
 14485 | D:8      | Noticed a two-headed ogre
 14641 | D:8      | Killed a two-headed ogre
 14642 | D:8      | Reached skill level 1 in Fire Magic
 16595 | D:9      | Noticed a two-headed ogre
 16599 | D:9      | Killed a two-headed ogre
 16600 | D:9      | Reached XP level 10. HP: 77/77 MP: 7/17
 17527 | D:9      | Reached skill level 10 in Unarmed Combat
 18206 | D:9      | HP: 1/77 [something (4)]
 18764 | D:10     | Entered Level 10 of the Dungeon
 19332 | D:10     | Identified the +0 robe "Zawyun" {rF+}
 19834 | D:10     | Found a staircase to the Orcish Mines.
 20611 | D:10     | Noticed a two-headed ogre
 20616 | D:10     | Killed a two-headed ogre
 20782 | D:10     | Noticed a two-headed ogre
 20791 | D:10     | Killed a two-headed ogre
 20792 | D:10     | Reached skill level 5 in Dodging
 21721 | D:11     | Noticed Erolcha
 21732 | D:11     | Killed Erolcha
 21733 | D:11     | Reached XP level 11. HP: 17/85 MP: 0/21
 22078 | D:11     | Noticed a deep elf pyromancer
 22082 | D:11     | Killed a deep elf pyromancer
 22505 | D:11     | Noticed a two-headed ogre
 22531 | D:11     | Killed a two-headed ogre
 22826 | D:11     | Reached skill level 11 in Unarmed Combat
 22937 | D:11     | Noticed an eight-headed hydra
 23098 | D:11     | Reached skill level 5 in Transmutations
 23338 | D:11     | Learned a level 3 spell: Mephitic Cloud
 23417 | D:11     | Found a staircase to the Lair.
 23871 | D:11     | Noticed an orc knight
 23895 | D:11     | Killed an orc knight
 23896 | D:11     | Reached skill level 5 in Fighting
 24228 | D:11     | Noticed Nergalle
 24233 | D:11     | Killed Nergalle
 24858 | Lair:1   | Entered Level 1 of the Lair of Beasts
 25058 | Lair:1   | Noticed a five-headed hydra
 25108 | Lair:1   | Reached skill level 5 in Spellcasting
 25179 | Lair:1   | Noticed a four-headed hydra
 25208 | Lair:1   | Killed a four-headed hydra
 25871 | D:11     | Killed a five-headed hydra
 26476 | Lair:1   | Identified the ring of Ru's Inspiration {rCorr Int+6 Dex+2}
 26571 | Lair:1   | Identified the +1 cloak of Cunke {+Inv Will+ rCorr}
 26711 | Lair:2   | Noticed Harold
 26717 | Lair:2   | Killed Harold
 26735 | Lair:1   | Identified a scroll of acquirement
 26736 | Lair:1   | Acquired the Handbook of Free Will
 26740 | Lair:1   | Learned a level 1 spell: Apportation
 26886 | Lair:1   | Slain by a yak

Illustrated notes

Levels and vault maps discovered:
D:1:      dpeg_arrival_pits, layout_basic, hellmonk_ecumenical_altar_arch_garden
D:2:      layout_rooms, basic_altar
D:3:      layout_basic
D:4:      layout_rooms, serial_forest, infiniplex_forest_clump_C,
          infiniplex_forest_corner_1, infiniplex_forest_lined_corner,
          infiniplex_forest_end_2, infiniplex_forest_corner_1,
          infiniplex_forest_lined_room_2, infiniplex_forest_lined_3,
          infiniplex_forest_lined_2, minmay_fractal_squares_gapless_5
D:5:      layout_cave_pools, nicolae_gozag_seed_capital,
          mainiacjoe_overflow_chevrons, nicolae_shop_clearance
D:6:      layout_loops_corners, lemuel_round_altar,
          minmay_temple_entry_enclosed_plants, grunt_ministairs_5,
          guppyfry_shop_venom
D:7:      layout_rooms
D:8:      layout_basic, mainiacjoe_overflow_concentric_impassable, wad_dig_loot
D:9:      layout_loops_cross, lemuel_tele_altar, mainiacjoe_overflow_boulevard
D:10:     layout_basic, chequers_temple_overflow_statue_of_worship,
          zombieorc2_lemuel, serial_corexii_hall, corexii_hall_statues_i,
          chequers_hall_statues_corner_a
D:11:     layout_roguey [special_room_orc], erik_lair_orcish_takeover,
          led_sif_book, uniq_nergalle, uniq_erolcha
Temple:   eino_temple_lava
Lair:1:   layout_big_grid, basic_altar, grunt_megastairs_5
Lair:2:   layout_chaotic_city, uniq_harold

Skill      XL: |  1  2  3  4  5  6  7  8  9 10 11 |
---------------+----------------------------------+-----
Unarmed Combat | 3 4 5 6 7 8 9 10 11 | 11.7
Fighting       | 2 3 4 5 |  5.0
Dodging        | 3 4 5 |  5.7
Armour         | 1 2 3 |  3.0
Evocations     | 1 3 |  3.5
Spellcasting   | 1 3 4 5 |  5.5
Transmutations | 1 3 4 6 |  6.1
Ice Magic      | 1 3 4 |  4.5
Air Magic      | 1 3 |  3.8
Poison Magic   | 1 3 |  3.6
Fire Magic     | 2 |  2.2
Throwing       | |  1.7
Conjurations   | |  0.7

Action                   |  1- 3 |  4- 6 |  7- 9 | 10-12 || total
-------------------------+-------+-------+-------+-------++-------
Melee: Unarmed           |    33 |     7 |   516 |   379 ||   935
       Dagger            |    90 |   111 |    34 |       ||   235
       Punch             |     1 |     6 |    31 |    34 ||    72
 Cast: Poisonous Vapours |       |       |     8 |    82 ||    90
       Ignite Poison     |       |       |     3 |    38 ||    41
       Ice Form          |       |       |       |    11 ||    11
       Mephitic Cloud    |       |       |       |     3 ||     3
Evoke: Wand              |       |       |     2 |       ||     2
  Use: Scroll            |     1 |    12 |     4 |     4 ||    21
       Potion            |     1 |       |     3 |     1 ||     5
 Stab: Distracted        |       |       |     1 |       ||     1
Armor: Leather armour    |    36 |     5 |   135 |   110 ||   286
       Chain mail        |       |    35 |    65 |       ||   100
       Skin              |       |       |       |    13 ||    13
Dodge: Dodged            |    72 |    50 |   263 |   209 ||   594
